 Dungeon Crawl Stone Soup version 0.19-a0-414-g76fec5b (webtiles) character file.

37 Skanax the Grave Robber (level 3, -3/24 HPs)
             Began as a Demonspawn Necromancer on May 31, 2016.
             Slain by a worm (9 damage)
             ... on level 2 of the Dungeon.
             The game lasted 00:10:22 (1507 turns).

Skanax the Grave Robber (Demonspawn Necromancer)    Turns: 1507, Time: 00:10:23

Health: -3/24      AC:  5    Str:  8    XL:     3   Next: 21%
Magic:  0/6        EV: 12    Int: 17    God:
Gold:   94         SH:  0    Dex: 13    Spells: 3 memorised, 2 levels left

rFire  . . .     SeeInvis .     j - +0 mace (curse)
rCold  . . .     Gourm    .     a - +1 robe
rNeg   . . .     Faith    .     (no shield)
rPois  .         Spirit   .     (no helmet)
rElec  .         Dismiss  .     (no cloak)
rCorr  .         Reflect  .     m - +1 pair of gloves
SustAt .         Harm     .     (no boots)
MR     .....                    (no amulet)
Stlth  ++........               (no ring)
                                (no ring)

@: not resistant to hostile enchantments, unstealthy
A: hooves 1, rot immunity
a: no special abilities


You were on level 2 of the Dungeon.
You were not hungry.

You visited 1 branch of the dungeon, and saw 2 of its levels.

You collected 94 gold pieces.

Inventory:

Hand Weapons
 j - a cursed +0 mace (weapon)
 l - a +1 hunting sling
Missiles
 d - 63 arrows
 e - 82 stones (quivered)
 h - 13 poisoned needles
 k - 20 sling bullets
Armour
 a - a +1 robe (worn)
 m - a +1 pair of gloves (worn)
Potions
 f - a potion of degeneration
 i - a potion of haste
Books
 b - a book of Necromancy

   Spells                             Type                      Level
   a - Pain                           Necromancy                   1
   b - Animate Skeleton               Necromancy                   1
   c - Vampiric Draining              Necromancy                   3
   d - Regeneration                   Charms/Necromancy            3
   e - Animate Dead                   Necromancy                   4
   f - Control Undead                 Necromancy                   4
Comestibles
 c - a bread ration


   Skills:
 + Level 1.9 Dodging
 + Level 2.1 Stealth
 + Level 2.6 Spellcasting
 + Level 4.9 Necromancy


You had 2 spell levels left.
You knew the following spells:

 Your Spells              Type           Power        Failure   Level  Hunger
a - Pain                  Necr           ###.         2%          1    #......
b - Animate Skeleton      Necr           N/A          2%          1    #......
c - Regeneration          Chrm/Necr      ##........   21%         3    ###....


Dungeon Overview and Level Annotations

Branches:
Dungeon (2/15)

Altars:


Innate Abilities, Weirdness & Mutations

You have large cloven feet.
You are immune to rotting.


Message History

You don't have enough magic to cast that spell.
Unknown command.
Throwing (i - inventory):
e - 83 stones (quivered)
Press: ? - help, Shift-Dir - straight line, f/p - worm
Aim: a worm (lightly wounded)
You throw a stone. The stone barely misses the worm.
Casting: Pain
Confirm with . or Enter, or press ? or * to list all spells.
Aiming: Pain
Press: ? - help, Shift-Dir - straight line, f/p - worm
Aim: a worm (lightly wounded, chance to defeat MR: 84%)
The worm convulses in agony!
You hit the worm but do no damage.
The worm is moderately wounded.
The worm bites you!
* * * LOW HITPOINT WARNING * * *
You hit the worm. You kick the worm, but do no damage.
The worm is moderately wounded.
The worm bites you!
You die...

******* #.....# *,# ####..# *,#
# #.Z#.## *,# # ##.###.#####.#
# #.## ##......# #
##.###.####### ## ##.#.## #
.######################..# #
(.....(((.(((..w@........######
#
.################.............#
# ..)..)..# #.#####.#####.# #
.######.#########.#####.## #.#
......>.......<..........# #.#
#######.#########..#####.####.#
#.# #..# #......# #.# #..#
######.# #.# #..##########.#


You could see a worm.

Vanquished Creatures
  An adder (D:2)
  A worm (D:2)
  2 bats (D:1)
  A giant cockroach (D:1)
  2 goblins (D:1)
  8 hobgoblins
  A ball python (D:1)
  2 giant newts (D:1)
  3 kobolds
  A rat (D:1)
22 creatures vanquished.

Vanquished Creatures (collateral kills)
  A goblin (D:1)
  A hobgoblin (D:1)
2 creatures vanquished.

Grand Total: 24 creatures vanquished

Notes
Turn   | Place    | Note
--------------------------------------------------------------
     0 | D:1      | Skanax the Demonspawn Necromancer began the quest for the Orb.
     0 | D:1      | Reached XP level 1. HP: 13/13 MP: 3/3
    13 | D:1      | Learned a level 1 spell: Animate Skeleton
   227 | D:1      | Gained mutation: You have large cloven feet. [demonic ancestry]
   227 | D:1      | Reached XP level 2. HP: 14/19 MP: 1/5
   853 | D:2      | Gained mutation: You are immune to rotting. [demonic ancestry]
   853 | D:2      | Reached XP level 3. HP: 5/24 MP: 1/6
   866 | D:2      | Learned a level 3 spell: Regeneration
  1507 | D:2      | Slain by a worm

Vault maps used:
D:1:      matt_arrival_spirals
D:2:      first_bread

Skill      XL: |  1  2 |
---------------+-------+-----
Stealth        | 2 |  2.1
Dodging        | |  1.9
Spellcasting   | |  2.6
Necromancy     | |  4.9

Action                   || total
-------------------------++-------
Melee: Unarmed           ||     1
       Mace              ||    18
       Kick              ||     6
Throw: Stone             ||    32
 Cast: Pain              ||    73
       Animate Skeleton  ||    12
       Regeneration      ||     3
  Use: Scroll            ||     8
       Potion            ||     1
  Eat: Bread ration      ||     1
Armor: Robe              ||     8
Dodge: Dodged            ||    12
